 Dungeon Crawl Stone Soup version 0.18.1-48-g4cf74bf (webtiles) character file.

37 Alarkh the Shooter (level 3, 0/27 HPs)
             Began as a Mummy Hunter on Aug 12, 2016.
             Slain by a gnoll
             ... wielding a +0 halberd
              (4 damage)
             ... on level 2 of the Dungeon.
             The game lasted 00:01:16 (737 turns).

Alarkh the Shooter (Mummy Hunter)                    Turns: 737, Time: 00:01:17

Health: 0/27       AC:  3    Str: 15    XL:     3   Next: 23%
Magic:  3/3        EV: 12    Int: 11    God:
Gold:   30         SH:  0    Dex: 15    Spells: 0 memorised, 2 levels left

rFire  x . .     SeeInvis .     a - +1 shortbow
rCold  + . .     Gourm    .     c - +0 leather armour
rNeg   + + +     Faith    .     (shield currently unavailable)
rPois  ∞         Spirit   .     (no helmet)
rElec  .         Dismiss  .     (no cloak)
rCorr  .         Reflect  .     (no gloves)
SustAt .         Harm     .     (no boots)
MR     .....                    (no amulet)
Stlth  +.........               (no ring)
                                i - +3 ring of dexterity

@: not resistant to hostile enchantments, very unstealthy
A: no food or potions, fire vulnerability, cold resistance 1, negative energy
resistance 3, torment resistance, unbreathing
a: no special abilities


You were on level 2 of the Dungeon.
You were not hungry.

You visited 1 branch of the dungeon, and saw 2 of its levels.

You collected 30 gold pieces.

Inventory:

Hand Weapons
 a - a +1 shortbow (weapon)
 b - a +0 short sword
Missiles
 d - 27 arrows (quivered)
Armour
 c - a +0 leather armour (worn)
Jewellery
 i - a +3 ring of dexterity (left hand)
Scrolls
 e - a scroll of magic mapping {unknown}
 f - a scroll of immolation {unknown}
 g - a scroll of random uselessness {unknown}
 h - a scroll of enchant weapon {unknown}
 j - a scroll of remove curse {unknown}


   Skills:
 - Level 2.0 Fighting
 + Level 4.2 Bows
 - Level 1.5 Dodging
 - Level 0.7 Stealth


You had 2 spell levels left.
You didn't know any spells.

Dungeon Overview and Level Annotations

Branches:
Dungeon (2/15)

Altars:


Innate Abilities, Weirdness & Mutations

You do not eat or drink.
Your flesh is vulnerable to fire.
You are immune to poison.
Your flesh is cold resistant.
You are immune to negative energy.
You are immune to unholy pain and torment.
You can survive without breathing.


Message History

Press: ? - help, Shift-Dir - straight line, f/p - gnoll
Aim: a gnoll, wielding a whip (heavily wounded)
You shoot an arrow. The arrow hits the gnoll.
The gnoll is severely wounded.
The gnoll barely misses you.
Firing (i - inventory):
d - 29 arrows (quivered)
Press: ? - help, Shift-Dir - straight line, f/p - gnoll
Aim: a gnoll, wielding a whip (heavily wounded)
You shoot an arrow. The arrow hits the gnoll.
The gnoll is almost dead.
The gnoll hits you from afar with a halberd!
* * * LOW HITPOINT WARNING * * *
Firing (i - inventory):
d - 28 arrows (quivered)
Press: ? - help, Shift-Dir - straight line, f/p - gnoll
Aim: a gnoll, wielding a whip (heavily wounded)
You shoot an arrow. The arrow barely misses the gnoll.
The arrow hits the gnoll.
The gnoll is severely wounded.
The gnoll hits you from afar with a halberd.
You die...

########...# ..........##
##.#...#
######.....####......#
#..........##......#
+..........##......+ .# .
#..........##......##..#..
#..........##......# ..#..
#......#+####g..## ..#..
+........@.ggg...# ....#
###...##.#####.#.## #...
#...##.# #.#..####.##.
#(..##.# #.#..g..g....
#...##.# #.#...###.##.
#... #.# #.#.#.# #(# #...
#.# #(#.#.# #g# #.#
#.#.#.. #g# #.##.##g#


You could see 4 gnolls.

Vanquished Creatures
  A giant gecko (D:1)
  4 giant cockroaches (D:1)
  2 goblins (D:1)
  4 hobgoblins (D:1)
  7 jackals (D:1)
  2 ball pythons (D:1)
  4 bats (D:1)
  2 giant newts (D:1)
  4 kobolds
  A rat (D:1)
31 creatures vanquished.

Notes
Turn   | Place    | Note
--------------------------------------------------------------
     0 | D:1      | Alarkh the Mummy Hunter began the quest for the Orb.
     0 | D:1      | Reached XP level 1. HP: 16/16 MP: 1/1
   146 | D:1      | Reached XP level 2. HP: 17/22 MP: 2/2
   289 | D:1      | Reached skill level 4 in Bows
   323 | D:1      | Reached XP level 3. HP: 26/27 MP: 3/3
   737 | D:2      | Slain by a gnoll

Skill      XL: |  1  2 |
---------------+-------+-----
Bows           | 4 |  4.2
Fighting       | |  2.0
Dodging        | |  1.5
Stealth        | |  0.7

Action                   || total
-------------------------++-------
Melee: Short sword       ||    15
 Fire: Shortbow          ||    80
Armor: Leather armour    ||    22
Dodge: Dodged            ||    53
